[ AOE2 MATCH · #463500348 ]
1v1 RMDravidians vs Britons
Rival team · LOSS
[ REPLAY ANALYSIS · EXTRACTED FROM THE RECORDED GAME ]
Feudal
11:15
Castle
26:23
Imperial
—
| APM avg | 30.0 |
| APM peak | 49 |
| eAPM avg | 11.9 |
| Villagers / military | 67 / 56 |
Focus
⚔️ 24.6% · 🌾 75.4%
Archer ×34 · Skirmisher ×12 · Armored Elephant ×7 · Militia ×3
Feudal
9:50
Castle
29:19
Imperial
—
| APM avg | 37.3 |
| APM peak | 119 |
| eAPM avg | 15.9 |
| Villagers / military | 51 / 51 |
Focus
⚔️ 35.4% · 🌾 64.6%
Archer ×31 · Militia ×15 · Knight ×5
Match map
Initial resources + every placement click. Lines = walls · curves = elevation contours. ◆ gold · ⬟ stone · ● berries · ✦ relic · ◌ wall gap
Your base· Open — unwalled flank
AiM | Oplack's base· Open — unwalled flank
Smoothed initial terrain · ◌ = detected wall gap · hover for details
Inputs per minute
— Drtista - - AiM | Oplack
Build order — Drtista
First 150 of 163 actions detected
| 0:02 | Create | Villager (Male) |
| 0:02 | Create | Villager (Male) |
| 0:02 | Create | Villager (Male) |
| 0:04 | Build | House |
| 0:06 | Build | House |
| 0:31 | Create | Villager (Male) |
| 1:41 | Create | Villager (Male) |
| 1:57 | Build | Lumber Camp |
| 1:58 | Create | Villager (Male) |
| 1:58 | Create | Villager (Male) |
| 1:58 | Create | Villager (Male) |
| 2:31 | Create | Villager (Male) |
| 2:57 | Create | Villager (Male) |
| 3:02 | Build | House |
| 3:04 | Build | House |
| 3:36 | Create | Villager (Male) |
| 3:36 | Create | Villager (Male) |
| 4:30 | Create | Villager (Male) |
| 4:30 | Create | Villager (Male) |
| 4:31 | Create | Villager (Male) |
| 4:37 | Build | Mill |
| 5:13 | Create | Villager (Male) |
| 5:24 | Create | Villager (Male) |
| 5:59 | Create | Villager (Male) |
| 6:17 | Create | Villager (Male) |
| 6:37 | Create | Villager (Male) |
| 6:37 | Create | Villager (Male) |
| 6:41 | Create | Villager (Male) |
| 6:41 | Create | Villager (Male) |
| 7:31 | Create | Villager (Male) |
| 7:41 | Create | Villager (Male) |
| 7:58 | Create | Villager (Male) |
| 8:10 | Build | Barracks |
| 8:21 | Build | Palisade Gate |
| 8:30 | Research | Loom |
| 8:43 | Research | Feudal Age |
| 9:29 | Create | Militia |
| 9:29 | Create | Militia |
| 9:30 | Create | Militia |
| 9:37 | Build | Mining Camp |
| 10:08 | Build | House |
| 10:09 | Build | House |
| 10:11 | Build | House |
| 11:01 | Create | Villager (Male) |
| 11:01 | Create | Villager (Male) |
| 11:09 | Build | House |
| 11:15 | Age | Feudal Age |
| 11:27 | Build | Archery Range |
| 11:41 | Create | Villager (Male) |
| 11:42 | Create | Villager (Male) |
| 11:46 | Research | Double-Bit Axe |
| 11:56 | Create | Archer |
| 11:57 | Create | Archer |
| 12:27 | Create | Villager (Male) |
| 12:53 | Create | Archer |
| 13:24 | Create | Skirmisher |
| 13:24 | Create | Skirmisher |
| 13:44 | Build | Archery Range |
| 14:00 | Build | Blacksmith |
| 14:02 | Create | Villager (Male) |
| 14:02 | Create | Villager (Male) |
| 14:03 | Create | Villager (Male) |
| 14:35 | Create | Archer |
| 14:36 | Create | Archer |
| 14:52 | Create | Archer |
| 14:52 | Create | Archer |
| 15:01 | Create | Archer |
| 15:02 | Create | Archer |
| 15:11 | Create | Villager (Male) |
| 15:12 | Create | Villager (Male) |
| 15:19 | Build | Farm |
| 15:28 | Build | Farm |
| 15:29 | Build | Farm |
| 15:33 | Create | Skirmisher ×3 |
| 15:50 | Research | Fletching |
| 16:32 | Create | Villager (Male) ×3 |
| 16:37 | Build | Lumber Camp |
| 16:57 | Create | Archer |
| 16:57 | Create | Skirmisher |
| 16:58 | Create | Skirmisher |
| 17:05 | Build | House |
| 17:05 | Build | House |
| 17:06 | Build | House |
| 17:06 | Build | House |
| 17:06 | Build | House |
| 17:06 | Build | House |
| 17:07 | Build | House |
| 17:07 | Build | House |
| 17:07 | Build | House |
| 17:07 | Build | House |
| 17:07 | Build | House |
| 17:08 | Build | House |
| 18:37 | Build | Farm |
| 18:37 | Build | Farm |
| 18:37 | Build | Farm |
| 18:37 | Build | Farm |
| 18:42 | Build | Farm |
| 18:42 | Build | Farm |
| 18:42 | Build | Farm |
| 20:29 | Create | Villager (Male) ×3 |
| 20:34 | Build | Farm |
| 20:34 | Build | Farm |
| 20:36 | Build | Farm |
| 20:37 | Build | Farm |
| 20:41 | Build | Farm |
| 20:42 | Build | Farm |
| 20:42 | Build | Farm |
| 20:42 | Build | Farm |
| 20:43 | Build | Farm |
| 20:44 | Build | Farm |
| 21:03 | Build | Lumber Camp |
| 21:11 | Create | Archer ×5 |
| 21:12 | Create | Archer ×5 |
| 21:12 | Create | Archer ×5 |
| 21:29 | Build | House |
| 21:29 | Build | House |
| 21:30 | Build | House |
| 21:31 | Build | House |
| 21:31 | Build | House |
| 21:32 | Build | House |
| 21:32 | Build | House |
| 21:34 | Build | House |
| 21:41 | Research | Padded Archer Armor |
| 22:08 | Build | House |
| 22:10 | Build | House |
| 22:56 | Create | Villager (Male) |
| 23:30 | Build | Farm |
| 23:43 | Research | Castle Age |
| 23:47 | Create | Archer ×5 |
| 24:41 | Create | Skirmisher ×5 |
| 24:42 | Create | Archer ×4 |
| 26:08 | Build | Barracks |
| 26:08 | Build | Barracks |
| 26:09 | Build | Barracks |
| 26:16 | Create | Villager (Male) |
| 26:16 | Create | Villager (Male) |
| 26:16 | Create | Villager (Male) |
| 26:23 | Age | Castle Age |
| 26:30 | Research | Crossbowman (upgrade) |
| 26:33 | Research | Bodkin Arrow |
| 26:56 | Build | Siege Workshop |
| 27:02 | Create | Villager (Male) ×5 |
| 27:10 | Build | Town Center |
| 27:50 | Create | Villager (Male) ×5 |
| 28:28 | Create | Villager (Male) |
| 28:40 | Build | Farm |
| 28:45 | Create | Villager (Male) ×5 |
| 29:56 | Create | Armored Elephant |
| 29:57 | Create | Armored Elephant |
| 29:57 | Create | Armored Elephant |
Build order — AiM | Oplack
First 150 of 171 actions detected
| 0:01 | Create | Villager (Male) |
| 0:01 | Create | Villager (Male) |
| 0:01 | Create | Villager (Male) |
| 0:02 | Build | House |
| 0:05 | Build | House |
| 0:32 | Create | Villager (Male) |
| 0:32 | Create | Villager (Male) |
| 1:25 | Create | Villager (Male) |
| 1:26 | Create | Villager (Male) |
| 1:53 | Create | Villager (Male) |
| 1:54 | Create | Villager (Male) |
| 1:58 | Build | Lumber Camp |
| 2:47 | Create | Villager (Male) |
| 2:47 | Create | Villager (Male) |
| 2:47 | Create | Villager (Male) |
| 2:48 | Create | Villager (Male) |
| 3:43 | Build | House |
| 3:58 | Create | Villager (Male) |
| 3:58 | Create | Villager (Male) |
| 3:58 | Create | Villager (Male) |
| 3:58 | Create | Villager (Male) |
| 4:58 | Create | Villager (Male) |
| 6:05 | Build | Barracks |
| 6:18 | Create | Villager (Male) |
| 6:19 | Create | Villager (Male) |
| 7:15 | Create | Villager (Male) |
| 7:15 | Research | Loom |
| 7:26 | Research | Feudal Age |
| 8:05 | Create | Militia |
| 8:05 | Create | Militia |
| 8:07 | Create | Militia |
| 8:12 | Build | House |
| 8:32 | Build | Mining Camp |
| 8:36 | Build | House |
| 9:12 | Build | Mill |
| 9:13 | Create | Villager (Male) |
| 9:14 | Create | Villager (Male) |
| 9:15 | Create | Villager (Male) |
| 9:34 | Create | Militia |
| 9:50 | Age | Feudal Age |
| 9:52 | Build | Blacksmith |
| 9:59 | Research | Man-at-Arms (upgrade) |
| 10:43 | Research | Scale Mail Armor |
| 10:47 | Build | Archery Range |
| 11:04 | Build | Farm |
| 11:07 | Build | Farm |
| 11:09 | Create | Villager (Male) |
| 11:38 | Create | Villager (Male) |
| 11:38 | Create | Villager (Male) |
| 11:45 | Build | House |
| 11:46 | Build | House |
| 11:47 | Create | Archer |
| 11:48 | Create | Archer |
| 12:19 | Build | House |
| 12:19 | Create | Villager (Male) |
| 12:20 | Create | Villager (Male) |
| 12:20 | Create | Villager (Male) |
| 12:25 | Build | Farm |
| 12:35 | Build | Farm |
| 12:38 | Create | Villager (Male) |
| 12:38 | Create | Villager (Male) |
| 13:49 | Create | Archer |
| 13:49 | Create | Archer |
| 13:49 | Create | Archer |
| 13:49 | Create | Archer |
| 14:31 | Create | Archer |
| 14:33 | Create | Militia |
| 14:33 | Create | Militia |
| 15:25 | Create | Archer |
| 15:25 | Create | Archer |
| 15:26 | Create | Villager (Male) |
| 15:26 | Create | Villager (Male) |
| 15:27 | Create | Villager (Male) |
| 15:27 | Create | Villager (Male) |
| 15:49 | Research | Forging |
| 16:16 | Create | Archer |
| 16:16 | Create | Archer |
| 16:17 | Create | Archer |
| 16:17 | Create | Archer |
| 16:23 | Build | Archery Range |
| 16:27 | Create | Militia |
| 16:27 | Create | Militia |
| 16:28 | Create | Militia |
| 16:28 | Create | Militia |
| 16:33 | Build | Farm |
| 16:39 | Build | Farm |
| 16:42 | Build | Farm |
| 16:43 | Create | Villager (Male) |
| 16:47 | Build | Farm |
| 16:50 | Build | Farm |
| 16:53 | Build | Farm |
| 16:56 | Build | Farm |
| 17:17 | Create | Militia |
| 17:39 | Create | Archer |
| 17:39 | Create | Archer |
| 17:40 | Create | Archer |
| 18:29 | Build | Watch Tower |
| 18:46 | Build | Watch Tower |
| 18:49 | Create | Militia |
| 18:51 | Create | Archer |
| 18:51 | Create | Archer |
| 18:57 | Create | Archer |
| 18:57 | Create | Archer |
| 19:02 | Build | House |
| 19:03 | Build | House |
| 19:05 | Build | House |
| 19:05 | Build | House |
| 19:06 | Create | Villager (Male) |
| 19:06 | Create | Villager (Male) |
| 19:07 | Create | Villager (Male) |
| 20:43 | Build | Farm |
| 20:44 | Build | Farm |
| 20:45 | Create | Villager (Male) |
| 20:45 | Create | Villager (Male) |
| 20:45 | Create | Villager (Male) |
| 20:46 | Create | Villager (Male) |
| 20:46 | Create | Villager (Male) |
| 20:46 | Create | Villager (Male) |
| 20:50 | Build | Farm |
| 20:50 | Build | Farm |
| 20:50 | Build | Farm |
| 20:50 | Build | Farm |
| 20:51 | Build | Farm |
| 20:59 | Build | House |
| 21:00 | Build | House |
| 21:01 | Build | House |
| 21:09 | Research | Double-Bit Axe |
| 21:13 | Research | Stone Mining |
| 21:17 | Create | Militia |
| 21:19 | Create | Archer |
| 21:20 | Create | Archer |
| 21:20 | Create | Archer |
| 21:20 | Create | Archer |
| 21:29 | Build | House |
| 21:36 | Build | Farm |
| 21:38 | Build | Farm |
| 21:48 | Create | Militia |
| 21:48 | Create | Militia |
| 22:08 | Research | Fletching |
| 22:10 | Research | Padded Archer Armor |
| 22:20 | Build | Mining Camp |
| 22:25 | Create | Villager (Male) |
| 22:26 | Create | Villager (Male) |
| 22:26 | Create | Villager (Male) |
| 22:50 | Build | Stable |
| 22:54 | Create | Archer |
| 22:54 | Create | Archer |
| 22:55 | Create | Archer |
| 23:21 | Build | Palisade Wall |
| 23:30 | Build | Palisade Wall |
Match timeline
| 6:05 | AiM | Oplack · first_building Barracks |
| 8:10 | Drtista · first_building Barracks |
| 9:50 | AiM | Oplack · age_up feudal |
| 10:47 | AiM | Oplack · first_building Archery Range |
| 11:15 | Drtista · age_up feudal |
| 11:27 | Drtista · first_building Archery Range |
| 22:50 | AiM | Oplack · first_building Stable |
| 23:21 | AiM | Oplack · wall_segment Palisade Wall x12 |
| 23:30 | AiM | Oplack · wall_segment Palisade Wall x15 |
| 26:23 | Drtista · age_up castle |
| 26:56 | Drtista · first_building Siege Workshop |
| 29:19 | AiM | Oplack · age_up castle |
| 33:15 | AiM | Oplack · resign |
[ AI ANALYSIS · 1 CREDIT ]
What really happened in this match?
Wolo.gg analyzes every decision: build order, eco, micro, common mistakes by bracket. Personalized analysis on WhatsApp or Discord in 30 seconds.
Civ guide
Dravidians
Map guide
Arabia
Perfil
Jugador #11267886